 Dungeon Crawl Stone Soup version 0.29.0-11-gd7f09526c8 (webtiles) character file.

Game seed: 6994197719881671433

62 xian the Ducker (level 4, 0/35 HPs)
             Began as a Hill Orc Wanderer on Sept 6, 2022.
             Slain by Crazy Yiuf
             ... wielding a +4 quarterstaff of chaos
              (3 damage)
             ... on level 2 of the Dungeon.
             The game lasted 00:03:28 (1559 turns).

xian the Ducker (Hill Orc Wanderer)                 Turns: 1559, Time: 00:03:29

Health: 0/35       AC:  7    Str: 14    XL:     4   Next: 8%
Magic:  6/6        EV: 12    Int: 10    God:
Gold:   96         SH:  0    Dex: 14    Spells: 5/6 levels left

rFire   . . .      SeeInvis .   a - +2 sling
rCold   . . .      Faith    .   (no shield)
rNeg    . . .      Spirit   .   d - +0 leather armour
rPois   .          Reflect  .   (no helmet)
rElec   .          Harm     .   f - +0 cloak
rCorr   .          Rampage  .   o - +0 pair of gloves
Will    .....                   b - +1 pair of boots
Stlth   +.........              (no amulet)
HPRegen 0.11/turn               (no ring)
MPRegen 0.10/turn               (no ring)

@: no status effects
A: no striking features
a: no special abilities


You were on level 2 of the Dungeon.
You visited 1 branch of the dungeon, and saw 2 of its levels.

You collected 96 gold pieces.

Inventory:

Hand Weapons
 a - a +2 sling (weapon)
 i - a +0 rapier
Armour
 b - a +1 pair of boots (worn)
 d - a +0 leather armour (worn)
 f - a +0 cloak (worn)
 o - a +0 pair of gloves (worn)
Scrolls
 c - a scroll of fear
 g - a scroll of poison {unknown}
 j - a scroll of enchant armour
 n - a scroll of silence {unknown}
 q - a scroll of identify {unknown}
Potions
 h - a potion of magic {unknown}
 k - a potion of flight {unknown}
 l - a potion of might {unknown}
 m - a potion of attraction {unknown}
 p - a potion of haste {unknown}


   Skills:
 + Level 1.4 Fighting
 + Level 3.6 Ranged Weapons
 + Level 1.1 Armour
 + Level 3.6 Dodging
 + Level 1.7 Spellcasting


You had 5 spell levels left.
You knew the following spells:

 Your Spells              Type           Power      Damage    Failure   Level
a - Beastly Appendage     Tmut           0%         N/A       36%         1

Your spell library contained the following spells:

 Spells                   Type           Power      Damage    Failure   Level
 Spider Form              Tmut/Pois      0%         N/A       75%         3


Dungeon Overview and Level Annotations

Branches:
Dungeon (2/15)

Altars:
Zin

Annotations:
D:2 Crazy Yiuf


Message History

You throw a poisoned dart.
The poisoned dart closely misses Crazy Yiuf.
You throw a poisoned dart.
The poisoned dart barely misses Crazy Yiuf.
Crazy Yiuf hits you with a +4 quarterstaff of chaos!
You are electrocuted!
* * * LOW HITPOINT WARNING * * *
You are too injured to fight recklessly!
You are too injured to fight recklessly!
You are too injured to fight recklessly!
Okay, then.
Okay, then.
Unknown command.
Okay, then.
Okay, then.
Really attack while wielding your +2 sling? [Y]es or [N]o only, please.
Really attack while wielding your +2 sling? [Y]es or [N]o only, please.
Really attack while wielding your +2 sling? [Y]es or [N]o only, please.
Really attack while wielding your +2 sling? [Y]es or [N]o only, please.
Really attack while wielding your +2 sling?
Okay, then.
Unknown command.
Fire: a) +2 sling
Press: ? - help, Q - select action, (/) - cycle Shift-Dir - straight line, f/p - Crazy Yiuf
Aim: Crazy Yiuf, wielding a +4 quarterstaff of chaos and wearing a +0 cloak (moderately wounded, 63% to hit)
You shoot a sling bullet. The sling bullet hits Crazy Yiuf.
Crazy Yiuf is heavily wounded.
Crazy Yiuf grits, "Iron!"
Crazy Yiuf hits you with a +4 quarterstaff of chaos.
* * * LOW HITPOINT WARNING * * *
Crazy Yiuf freezes you.
* * * LOW HITPOINT WARNING * * *
Crazy Yiuf hits you with a +4 quarterstaff of chaos.
* * * LOW HITPOINT WARNING * * *
Space warps around you.
You die...

#+g.+###...# #....#
#.<.# ♣....♣ #...#
### ♣♣...♣ #..##
###.# ♣♣.♣♣ #...##
#...# ♣♣.♣ #.(..#
### ..### ♣.♣♣
#....# #.# ### ♣♣.♣
#.g..####.# # ♣.♣♣
#.@.......# # #'#
#.....##### #####
... #.....# ....#
#...# #....## ..###
#g(.# #)...# ....#
##### #...## ###.#
#...#
###############...#
...#.........<....#


You could see Crazy Yiuf.

Vanquished Creatures
  An adder (D:2)
  3 dart slugs
  2 ball pythons
  5 endoplasms
  2 giant cockroaches
  4 goblins
  2 hobgoblins (D:2)
  4 jackals (D:1)
  2 quokkas (D:1)
  4 bats (D:1)
  3 frilled lizards
  5 kobolds
  6 rats
43 creatures vanquished.

Notes
Turn   | Place    | Note
-------+----------+-------------------------------------------
     0 | D:1      | xian the Hill Orc Wanderer began the quest for the Orb.
     0 | D:1      | xian set off with the following items: a +2 sling, a +0
                  | pair of boots, a scroll of fear, a +0 leather armour; and
                  | the following spell memorised: Beastly Appendage; and the
                  | following spells available to memorise: Spider Form.
     0 | D:1      | Reached XP level 1. HP: 16/16 MP: 3/3
    90 | D:1      | Reached XP level 2. HP: 23/23 MP: 4/4
   339 | D:1      | Found a faded altar of an unknown god.
   496 | D:1      | Reached XP level 3. HP: 28/28 MP: 5/5
  1048 | D:2      | Reached skill level 1 in Armour
  1073 | D:2      | Found a glowing silver altar of Zin.
  1238 | D:2      | Reached XP level 4. HP: 35/35 MP: 6/6
  1518 | D:2      | Found a runed translucent door.
  1519 | D:2      | Noticed Crazy Yiuf
  1559 | D:2      | Slain by Crazy Yiuf

Illustrated notes

Levels and vault maps discovered:
D:1:      wander_arrival_peaceful_grave, layout_basic,
          hellmonk_ecumenical_altar_zigzags
D:2:      layout_rooms, basic_altar, kennysheep_donut, uniq_crazy_yiuf_cottage

Skill      XL: |  1  2  3 |
---------------+----------+-----
Ranged Weapons | 3 |  3.6
Armour         | 1 |  1.1
Fighting       | |  1.4
Dodging        | |  3.6
Spellcasting   | |  1.7

Action                   |  1- 3 |  4- 6 || total
-------------------------+-------+-------++-------
 Fire: Sling             |   130 |    11 ||   141
Throw: Dart              |       |     4 ||     4
 Cast: Beastly Appendage |     2 |       ||     2
  Use: Scroll            |       |     2 ||     2
Armor: Leather armour    |    15 |     1 ||    16
Dodge: Dodged            |    58 |     2 ||    60
